 Dungeon Crawl Stone Soup version 0.29.1-15-g9cfb28693d (webtiles) character file.

Game seed: 3889540324655705683

36 hawla the Firebug (level 3, -2/26 HPs)
             Began as a Meteoran Fire Elementalist on Feb 27, 2023.
             Slain by Robin
             ... wielding a +0 club
              (3 damage)
             ... on level 2 of the Dungeon.
             The game lasted 00:01:29 (210 turns).

hawla the Firebug (Meteoran Fire Elementalist)       Turns: 210, Time: 00:01:29

Health: -2/26      AC:  2    Str:  9    XL:     3   Next: 82%
Magic:  6/8        EV: 13    Int: 18    God:
Gold:   37         SH:  0    Dex: 15    Spells: 5/8 levels left

rFire   . . .      SeeInvis .   (no weapon)
rCold   . . .      Faith    .   (no shield)
rNeg    . . .      Spirit   .   a - +0 robe
rPois   .          Reflect  .   (no helmet)
rElec   .          Harm     .   (no cloak)
rCorr   .          Rampage  .   (no gloves)
Will    .....                   (no boots)
Stlth   +.........              (no amulet)
HPRegen 0.08/turn               (no ring)
MPRegen 0.11/turn               (no ring)

@: glowing
A: sense surroundings 1, otherworldly, glowing, explore regen
a: no special abilities


You were on level 2 of the Dungeon.
You visited 1 branch of the dungeon, and saw 2 of its levels.

You collected 37 gold pieces.

Inventory:

Armour
 a - a +0 robe (worn)


   Skills:
 + Level 2.7 Dodging
 - Level 1.4 Stealth
 + Level 3.2 Spellcasting
 + Level 1.5 Conjurations
 + Level 4.6 Fire Magic


You had 5 spell levels left.
You knew the following spells:

 Your Spells              Type           Power      Damage    Failure   Level
a - Foxfire               Conj/Fire      56%        2x1d6     4%          1
b - Scorch                Fire           38%        2d7       3%          2

Your spell library contained the following spells:

 Spells                   Type           Power      Damage    Failure   Level
 Conjure Flame            Conj/Fire      14%        6-21      14%         3
 Inner Flame              Hex/Fire       11%        N/A       19%         3
 Flame Wave               Conj/Fire      14%        2d6       41%         4


Dungeon Overview and Level Annotations

Branches:
Dungeon (2/15) Zot: 989

Altars:

Annotations:
D:2 Robin


Innate Abilities, Weirdness & Mutations

You passively map a small area around you.
You are easily found by Zot.
You glow in the dark.
You regain HP and MP as you explore.


Message History

You are no longer poisoned.
The foxfire hits the goblin.
You kill the goblin!
The worm closely misses you.
Casting: Scorch (safe; 3% risk of failure)
Confirm with . or Enter, or press ? or * to list all spells.
You conjure some foxfire!
The goblin hits you with a +0 club.
The foxfire hits the goblin.
You kill the goblin!
The foxfire hits the worm.
The worm is lightly wounded.
The worm barely misses you. The worm bites you.
The quokka twitches its whiskers.
The quokka barely misses you. The quokka bites you.
* * * LOW HITPOINT WARNING * * *
Found a great sword.
The quokka attacks as you move away! The quokka closely misses you.
A frilled lizard comes into view.
The frilled lizard hisses angrily.
Casting: Foxfire (safe; 4% risk of failure)
Confirm with . or Enter, or press ? or * to list all spells.
Flames lash the worm.
The worm is moderately wounded.
The worm's fire resistance burns away.
The quokka bites you but does no damage.
The quokka bites you.
* * * LOW HITPOINT WARNING * * *
Magic courses through your body. The quokka closely misses you.
The frilled lizard closely misses you.
Casting: Scorch (safe; 3% risk of failure)
Confirm with . or Enter, or press ? or * to list all spells.
Flames lash the quokka.
The quokka is moderately wounded.
The quokka's fire resistance burns away.
The quokka bites you.
* * * LOW HITPOINT WARNING * * *
The frilled lizard closely misses you. Robin hits you with a +0 club.
You die...

### #.# * * #.. , ,
#.# #.# , #l#
##@########## *
#.grw.......# *
#...........# , ##
#...........# ..
#...........# .#,# , ,
#..!........# #.#.# ,
,, .............#
#.#.# , <
)............)###.#..
, , ,
.............).##...##


You could see a worm (combustible), Robin, a quokka (combustible) and a frilled
lizard.

Vanquished Creatures
  An adder (D:2)
  6 bats
  3 endoplasms (D:1)
  A giant cockroach (D:1)
  8 goblins (D:2)
  A hobgoblin (D:1)
  A quokka (D:2)
  A frilled lizard (D:1)
  A kobold (D:1)
  A rat (D:2)
24 creatures vanquished.

Vanquished Creatures (others)
  39 foxfires
39 creatures vanquished.

Grand Total: 63 creatures vanquished

Notes
Turn   | Place    | Note
-------+----------+-------------------------------------------
     0 | D:1      | hawla the Meteoran Fire Elementalist began the quest for
                  | the Orb.
     0 | D:1      | Reached XP level 1. HP: 14/14 MP: 5/5
    41 | D:1      | Reached skill level 4 in Fire Magic
    50 | D:1      | Reached XP level 2. HP: 20/20 MP: 1/6
    96 | D:1      | Learned a level 2 spell: Scorch
   177 | D:2      | Reached XP level 3. HP: 26/26 MP: 5/8
   184 | D:2      | Noticed Robin
   210 | D:2      | HP: 1/26 [quokka (3)]
   210 | D:2      | Slain by Robin

Illustrated notes

Levels and vault maps discovered:
D:1:      enne_arrival_octagon_isle, layout_rooms, serial_bayou_pond_a
D:2:      cheibrodos_greedy_goblins, layout_basic,
          shapermc_ecumenical_altar_totnotflames, uniq_robin, uniq_sigmund

Skill      XL: |  1  2 |
---------------+-------+-----
Fire Magic     | 4 |  4.6
Spellcasting   | 3 |  3.2
Dodging        | |  2.7
Stealth        | |  1.4
Conjurations   | |  1.5

Action                   || total
-------------------------++-------
Melee: Unarmed           ||     9
 Cast: Foxfire           ||    26
       Scorch            ||     5
  Use: Scroll            ||     1
       Potion            ||     1
Armor: Robe              ||     9
Dodge: Dodged            ||    11
